Map: Neon Violet Square LE

Players

JJAKJI

  • Race: Terran Terran
  • League: Platinum
  • Spawn Location: 5:00

Zest - Winner!

  • Race: Protoss Protoss
  • League: Master
  • Spawn Location: 11:00

Event: HomeStory Cup XVI

VOD

Have the link to the VOD?

Description

Time

  • Played on: Nov. 11, 2017, 5:03 p.m.
  • Length: 13:26

All games in this series

Show
View Real Time Build Order
Export as new Build Order

JJAKJI Terran 

Build Orders: Command Center First (CC), MMM Bio 

Get SALT Encoding   

  12  0:00  SCV  
  13  0:12  SCV  
  14  0:17  Supply Depot  
  14  0:25  SCV  
  15  0:39  SCV  
  16  0:51  SCV  
  17  1:03  SCV  
  18  1:04  Command Center  
  18  1:15  Barracks  
  18  1:18  SCV  
  19  1:29  Barracks  
  19  1:31  SCV  
  20  1:44  SCV  
  20  1:46  Barracks  
  21  1:56  SCV  
  22  2:03  Marine  
  23  2:11  Orbital Command  
  23  2:16  Orbital Command  
  23  2:17  Marine  
  23  2:21  Marine  
  25  2:25  Refinery  
  25  2:28  Refinery  
  25  2:35  Engineering Bay  
  25  2:42  Marine x2  
  27  2:44  Marine  
  27  2:47  SCV  
  29  2:54  SCV  
  30  2:59  SCV  
  30  3:00  Marine  
  30  3:02  Marine  
  30  3:05  Missile Turret  
  31  3:10  Barracks Tech Lab  
  29  3:16  SCV  
  29  3:17  Marine  
  29  3:19  SCV  
  31  3:26  Missile Turret  
  31  3:28  SCV  
  31  3:31  SCV  
  31  3:33  Marine x2  
  35  3:35  Marine  
  35  3:40  Supply Depot  
  36  3:44  SCV  
  36  3:46  SCV  
  38  3:51  Stimpack  
  38  4:01  Bunker x2  
  38  4:02  SCV  
  39  4:05  SCV  
  39  4:09  Marine x2  
  41  4:10  Marine  
  42  4:17  Supply Depot  
  42  4:19  SCV x2  
  42  4:27  Factory  
  42  4:32  Marine  
  42  4:34  SCV  
  42  4:35  SCV  
  42  4:36  Barracks Reactor, Barracks Tech Lab  
  42  4:37  Terran Infantry Weapons Level 1  
  40  4:39  Supply Depot  
  40  4:47  SCV x2  
  40  4:51  Marine  
  43  4:56  Marine  
  43  4:58  Combat Shields  
  43  4:59  SCV x2  
  46  5:11  SCV x2  
  46  5:13  Marine x2  
  50  5:14  Marauder x2  
  50  5:20  Starport  
  54  5:24  SCV x2  
  54  5:27  Supply Depot  
  56  5:28  Refinery  
  56  5:31  Factory Reactor, Marine x2  
  58  5:36  SCV x2  
  58  5:39  Supply Depot, Marauder  
  62  5:48  Marauder  
  62  5:49  Marine x2  
  66  5:53  Supply Depot  
  66  5:55  SCV  
  67  6:01  SCV  
  68  6:10  Command Center  
  67  6:13  Medivac x2  
  67  6:16  SCV x2  
  73  6:23  Marine x2  
  73  6:25  Marauder  
  77  6:26  Marauder  
  77  6:32  SCV  
  80  6:33  SCV  
  81  6:40  Factory Reactor  
  81  6:41  Terran Infantry Armor Level 1  
  81  6:42  Barracks  
  81  6:44  Barracks  
  81  6:47  SCV  
  81  6:50  Supply Depot  
  81  6:51  SCV  
  85  6:59  SCV  
  83  7:03  Armory, Engineering Bay, SCV  
  83  7:04  Refinery  
  84  7:12  SCV  
  85  7:15  SCV  
  85  7:16  Marine x2  
  85  7:17  Widow Mine x2  
  92  7:24  Orbital Command, SCV  
  92  7:27  Medivac  
  92  7:28  SCV  
  92  7:29  Medivac  
  98  7:36  SCV  
  99  7:38  Marauder x2  
  99  7:41  Marine x2, Barracks Reactor, Barracks Tech Lab  
  105  7:46  Supply Depot, Widow Mine x2  
  105  7:50  Orbital Command, Liberator x2  
  109  7:54  Supply Depot  
  109  8:07  SCV x2  
  109  8:12  Supply Depot x2  
  117  8:14  Missile Turret  
  117  8:15  Widow Mine x2  
  121  8:20  Missile Turret  
  121  8:22  Marauder x2  
  125  8:33  Marauder, SCV x2, Marine x4  
  125  8:34  SCV  
  134  8:36  Missile Turret  
  134  8:40  Supply Depot  
  134  8:46  Terran Infantry Weapons Level 2  
  134  8:47  Terran Infantry Armor Level 2  
  134  8:55  Supply Depot  
  134  8:56  Supply Depot  
  134  8:57  Refinery x2, SCV x3  
  137  9:04  Starport  
  137  9:05  Marine x2  
  137  9:06  Marine x2  
  137  9:09  Liberator  
  141  9:10  Liberator  
  141  9:11  Marauder x3  
  141  9:14  SCV x2  
  141  9:17  SCV  
  149  9:25  Supply Depot  
  149  9:26  Supply Depot  
  149  9:29  Liberator  
  149  9:30  Liberator  
  154  9:38  SCV  
  154  9:39  SCV x2  
  154  9:42  Supply Depot x2, Command Center  
  162  9:54  Terran Ship Weapons Level 1  
  162  9:59  Liberator  
  161  10:00  Marine x3  
  161  10:01  Marine  
  161  10:02  Marauder x3  
  161  10:06  Liberator  
  171  10:15  Sensor Tower  
  171  10:20  Barracks, Liberator  
  171  10:21  Barracks x2  
  174  10:23  Missile Turret  
  177  10:29  Ghost Academy  
  172  10:53  Marauder x2  
  172  10:54  Marauder, Marine x4  
  180  10:59  Liberator x2  
  156  11:12  Marine x4  
  156  11:15  Medivac, Marauder x3  
  174  11:26  Barracks Tech Lab x2  
  174  11:27  Barracks Reactor  
  174  11:32  Marine x3  
  172  11:33  Marine  
  172  11:36  Marauder  
  177  11:40  Sensor Tower, Planetary Fortress  
  177  11:42  Marauder  
  177  11:44  Marauder  
  177  11:46  Marauder  
  183  11:47  Marauder  
  183  11:52  Refinery  
  185  11:54  Missile Turret  
  185  11:57  Marauder  
  187  12:06  Ghost x2  
  187  12:07  Ghost  
  193  12:12  Ghost  
  179  12:33  Marauder  
  179  12:35  Supply Depot, Marine, Marauder x2  
  181  12:37  Supply Depot  
  181  12:40  Marauder, Marine  
  181  12:46  Marauder, Viking  
  181  12:47  Viking  
  181  12:48  Viking  
  181  12:49  Viking  
  181  12:57  Supply Depot  
Show
View Real Time Build Order
Export as new Build Order

Zest Protoss - Winner!

Build Orders: Oracle Opening 

Get SALT Encoding   

  12  0:08  Pylon  
  13  0:14  Probe (Chrono Boost)  
  13  0:27  Probe (Chrono Boost)  
  14  0:30  Gateway  
  14  0:34  Probe (Chrono Boost)  
  14  0:41  Probe (Chrono Boost)  
  14  0:42  Assimilator  
  16  0:53  Probe (Chrono Boost)  
  16  0:55  Assimilator  
  18  1:05  Probe (Chrono Boost)  
  18  1:17  Cybernetics Core, Probe (Chrono Boost)  
  19  1:29  Probe (Chrono Boost)  
  19  1:30  Pylon  
  21  1:41  Probe (Chrono Boost)  
  21  1:53  Probe (Chrono Boost)  
  22  1:54  Stargate  
  22  2:05  Probe (Chrono Boost)  
  23  2:18  Probe (Chrono Boost)  
  23  2:20  Oracle  
  24  2:40  Nexus  
  27  2:49  Oracle, Probe (Chrono Boost)  
  27  2:50  Pylon  
  31  3:12  Probe (Chrono Boost)  
  32  3:22  Warp Gate  
  32  3:24  Probe (Chrono Boost)  
  37  3:36  Probe (Chrono Boost)  
  38  3:47  Probe (Chrono Boost)  
  39  3:54  Probe x2 (Chrono Boost)  
  37  4:04  Nexus  
  37  4:06  Probe (Chrono Boost)  
  37  4:07  Probe (Chrono Boost)  
  37  4:09  Pylon  
  40  4:18  Probe (Chrono Boost)  
  40  4:19  Probe (Chrono Boost), Twilight Council  
  41  4:24  Gateway  
  41  4:25  Gateway  
  41  4:30  Probe (Chrono Boost)  
  43  4:31  Probe (Chrono Boost)  
  43  4:41  Probe (Chrono Boost)  
  43  4:43  Probe (Chrono Boost)  
  43  4:45  Blink  
  45  4:46  Shield Battery  
  45  4:47  Probe (Chrono Boost), Pylon  
  45  4:48  Pylon  
  46  4:55  Probe (Chrono Boost)  
  46  4:57  Forge, Probe (Chrono Boost)  
  48  5:05  Probe (Chrono Boost)  
  49  5:07  Probe (Chrono Boost)  
  49  5:10  Protoss Ground Armor Level 1  
  50  5:17  Probe (Chrono Boost)  
  50  5:19  Probe (Chrono Boost)  
  50  5:21  Probe (Chrono Boost)  
  53  5:26  Sentry x3  
  59  5:29  Gateway  
  59  5:32  Gateway  
  59  5:33  Gateway, Probe x2 (Chrono Boost)  
  59  5:35  Probe (Chrono Boost)  
  62  5:43  Gateway  
  62  5:46  Gateway  
  62  5:47  Pylon  
  62  5:48  Probe x2 (Chrono Boost)  
  64  5:52  Probe (Chrono Boost)  
  64  5:56  Shield Battery  
  65  5:57  Shield Battery  
  65  5:59  Pylon  
  65  6:00  Probe x2 (Chrono Boost)  
  67  6:06  Stalker  
  67  6:07  Stalker x2  
  67  6:10  Shield Battery  
  73  6:12  Pylon  
  73  6:18  Probe x3 (Chrono Boost)  
  76  6:20  Robotics Facility  
  76  6:28  Pylon  
  76  6:34  Stalker x4  
  76  6:39  Photon Cannon  
  84  6:40  Stalker  
  84  6:41  Pylon  
  84  6:44  Protoss Ground Weapons Level 1  
  84  6:47  Stalker  
  88  6:53  Pylon  
  88  6:59  Stalker x2, Pylon  
  92  7:03  Shield Battery  
  92  7:05  Probe x2 (Chrono Boost)  
  92  7:07  Zealot  
  92  7:08  Zealot x4  
  104  7:20  Charge  
  104  7:25  Assimilator  
  103  7:30  Assimilator  
  103  7:32  Pylon  
  103  7:33  Forge, Pylon  
  103  7:35  Assimilator x2  
  103  7:36  Gateway x2, Probe x2 (Chrono Boost)  
  103  7:37  Probe (Chrono Boost)  
  106  7:38  Observer  
  106  7:43  Pylon  
  106  7:44  Protoss Ground Armor Level 2  
  106  7:48  Probe (Chrono Boost)  
  106  7:49  Probe x2 (Chrono Boost)  
  106  7:51  Pylon  
  110  7:54  Stalker, Zealot x4  
  120  8:01  Pylon  
  120  8:03  Pylon  
  120  8:04  Probe x3 (Chrono Boost)  
  123  8:08  Immortal  
  127  8:18  Pylon  
  127  8:29  Nexus  
  127  8:31  Templar Archives  
  127  8:37  Gateway x2  
  127  8:42  Protoss Ground Weapons Level 2  
  127  8:45  Psionic Storm  
  127  8:48  Probe x3 (Chrono Boost)  
  130  8:55  Warp Prism  
  132  9:01  Observer  
  132  9:05  Pylon  
  132  9:08  High Templar x2  
  136  9:13  Probe x3 (Chrono Boost)  
  139  9:25  Zealot  
  139  9:26  Zealot x7  
  155  9:37  Robotics Facility  
  155  9:38  Robotics Bay  
  155  9:41  Stalker x3  
  155  9:42  Observer  
  155  9:44  Immortal  
  163  10:04  Observer  
  161  10:16  Photon Cannon, Colossus  
  161  10:19  Assimilator, Extended Thermal Lance  
  161  10:24  Nexus, Assimilator, Colossus  
  161  10:27  Pylon  
  161  10:28  Shield Battery  
  173  10:29  Shield Battery  
  173  10:31  Pylon  
  173  10:40  Zealot x7  
  187  11:01  Colossus  
  187  11:10  Colossus  
  186  11:23  Stalker x4  
  186  11:24  Stalker  
  198  11:27  Stalker  
  200  11:59  Observer  
  200  12:00  Observer Gravitic Boosters  
  198  12:04  Observer  
  198  12:12  Stalker x3  
  186  12:35  Zealot x9  
  188  13:11  Stalker x5  
  188  13:12  Stalker x7  
Tags
 
Add a new tag
Caveats
  • Supply blocks, unpowered buildings, or Contaminate may cause inaccurate times.
  • Supply counts are checked every 10 seconds.